 Dungeon Crawl Stone Soup version 0.21-a0-426-g98080a9 (webtiles) character file.

55310 kae the Geomancer (level 14, -15/84 HPs)
             Began as a Gargoyle Earth Elementalist on Nov 5, 2017.
             Was a High Priest of Vehumet.
             Demolished by Donald
             ... wielding a +0 eveningstar
              (34 damage)
             ... on level 1 of the Orcish Mines.
             The game lasted 00:41:50 (32148 turns).

kae the Geomancer (Gargoyle Earth Elementalist)    Turns: 32148, Time: 00:41:50

Health: -15/84     AC: 22    Str: 13    XL:     14   Next: 76%
Magic:  13/29      EV: 16    Int: 25    God:    Vehumet [*****.]
Gold:   1574       SH: 10    Dex:  8    Spells: 23/35 levels left

rFire    + + .     SeeInvis +   W - +2 spear of Exquisite Death {pierce, rF+} (curse)
rCold    . . .     Gourm    .   K - +0 buckler {AC+3}
rNeg     + + .     Faith    .   B - +2 robe {Archmagi}
rPois    ∞         Spirit   .   x - +0 helmet
rElec    +         Reflect  +   v - +0 cloak
rCorr    .         Harm     .   g - +1 pair of gloves
MR       +....                  (no boots)
Stlth    +++.......             N - +6 amulet of reflection
HPRegen  0.24/turn              c - ring "Fevvaec" {rPois rN+ Dex-2 SInv Stlth+}
MPRegen  0.21/turn              p - +3 ring of intelligence

@: about to teleport
A: big wings, repulsion field 1, clever 1, deformed body, fire resistance 1,
negative energy resistance 1, electricity resistance, unbreathing, petrification
resistance, rot immunity, AC +10
a: Fly, Renounce Religion


You were on level 1 of the Orcish Mines.
You worshipped Vehumet.
Vehumet was extremely pleased with you.
You were hungry.

You visited 4 branches of the dungeon, and saw 21 of its levels.

You collected 1883 gold pieces.
You spent 309 gold pieces at shops.

Inventory:

Hand Weapons
 C - a +0 whip of freezing
 W - the cursed +2 spear of Exquisite Death (weapon) {pierce, rF+}
   (You found it on level 5 of the Lair of Beasts)

   It inflicts extra damage upon your enemies.
   It protects you from fire.
   It has a curse placed upon it.
Missiles
 b - 8 stones (quivered)
Armour
 g - a +1 pair of gloves (worn)
 v - a +0 cloak (worn)
 x - a +0 helmet (worn)
 B - a +2 robe of the Archmagi (worn)
 K - a +0 buckler of protection (worn)
Jewellery
 c - the ring "Fevvaec" (left hand) {rPois rN+ Dex-2 SInv Stlth+}
   (You found it on level 12 of the Dungeon)

   [ring of positive energy]

   It affects your dexterity (-2).
   It protects you from poison.
   It protects you from negative energy.
   It lets you see invisible.
   It makes you more stealthy.
 p - a +3 ring of intelligence (right hand)
 N - a +6 amulet of reflection (around neck)
 R - an uncursed ring of positive energy
 U - an uncursed ring of positive energy
Wands
 i - a wand of digging (6/24)
 E - a wand of polymorph (9/24)
 I - a wand of scattershot (5/9)
 L - a wand of disintegration (3/24)
 M - a wand of acid (8/15)
 Q - a wand of random effects (17/48)
 T - a wand of lightning (5/15)
 X - a wand of flame (16/48)
 Y - a wand of lightning (9/15)
 Z - a wand of lightning (10/15)
Scrolls
 a - 15 scrolls of remove curse
 f - 2 scrolls of teleportation
 l - 2 scrolls of recharging
 y - 6 scrolls of identify
 D - 2 scrolls of amnesia
 F - 3 scrolls of enchant weapon
 J - 4 scrolls of magic mapping
 P - 5 scrolls of fog
Potions
 k - 2 potions of brilliance
 m - 5 potions of curing
 n - 2 potions of magic
 o - 2 potions of lignification
 r - 3 potions of heal wounds
 t - 2 potions of agility
 w - a potion of might
 A - 3 potions of haste
 G - 3 potions of mutation
 S - a potion of cancellation
Books
 e - a book of Geomancy

   Spells                             Type                      Level
   a - Sandblast                      Earth                        1
   b - Passwall                       Transmutation/Earth          2
   c - Stone Arrow                    Conjuration/Earth            3
   d - Petrify                        Transmutation/Earth          4
   e - Lee's Rapid Deconstruction     Earth                        5
 q - a book of Transfigurations

   Spells                             Type                      Level
   a - Irradiate                      Conjuration/Transmutation    5
   b - Statue Form                    Transmutation/Earth          6
   c - Hydra Form                     Transmutation                6
   d - Dragon Form                    Transmutation                7
 z - a book of Conjurations

   Spells                             Type                      Level
   a - Magic Dart                     Conjuration                  1
   b - Searing Ray                    Conjuration                  2
   c - Dazzling Spray                 Conjuration/Hexes            3
   d - Fulminant Prism                Conjuration/Hexes            4
   e - Force Lance                    Conjuration/Translocation    4
   f - Iskenderun's Mystic Blast      Conjuration                  4
 O - a book of Minor Magic

   Spells                             Type                      Level
   a - Magic Dart                     Conjuration                  1
   b - Blink                          Translocation                2
   c - Call Imp                       Summoning                    2
   d - Slow                           Hexes                        2
   e - Conjure Flame                  Conjuration/Fire             3
   f - Mephitic Cloud                 Conjuration/Poison/Air       3
 V - the Disquisition on Enchanting Lightness
   (You found it on level 5 of the Lair of Beasts)

   Spells                             Type                      Level
   a - Shock                          Conjuration/Air              1
   b - Mephitic Cloud                 Conjuration/Poison/Air       3
   c - Portal Projectile              Hexes/Translocation          3
   d - Confuse                        Hexes                        3
   e - Tornado                        Air                          9
Comestibles
 d - 12 bread rations
 h - 22 fruits
 j - 7 meat rations
 H - 12 royal jellies


   Skills:
 + Level 8.8 Fighting
 + Level 3.5 Maces & Flails
 + Level 8.8 Armour
 + Level 6.8 Dodging
 - Level 2.1 Stealth
 - Level 4.0 Shields
 * Level 11.3 Spellcasting
 * Level 12.8 Conjurations
   Level 0.7 Transmutations
 * Level 14.4 Earth Magic


You had 23 spell levels left.
You knew the following spells:

 Your Spells              Type           Power        Failure   Level  Hunger
a - Sandblast             Erth           ######       0%          1    None
b - Stone Arrow           Conj/Erth      ######       1%          3    None
c - Lee's Rapid Deconstr  Erth           #######...   1%          5    ###....
d - Conjure Flame         Conj/Fire      ######..     1%          3    None


Dungeon Overview and Level Annotations

Branches:
Dungeon (12/15)            Temple (1/1) D:7            Lair (6/6) D:9
 Shoals (0/4) Lair:3        Snake (0/4) Lair:2        Slime (0/5) Lair:6
    Orc (2/2) D:12
    Elf: Orc:2

Altars:
Ashenzari
Cheibriados
Elyvilon
Fedhas
Gozag
Kikubaaqudgha
Makhleb
Nemelex Xobeh
Okawaru
Qazlal
Ru
Trog
Uskayaw
Vehumet
Wu Jian
Xom
Yredelemnul
Zin
The Shining One

Shops:
D:4 [   D:6 *   D:9 [

Annotations:
Lair:6 EnegeticOcto's ghost, journeyman TrMo
Orc:1 Donald


Innate Abilities, Weirdness & Mutations

You are resistant to torment.
Your stone body is resilient. (AC +10)
You are immune to poison.
Your large and strong wings let you fly indefinitely.
You resist negative energy. (rN+)
You are resistant to electric shocks. (rElec)
You can survive without breathing.
You are immune to petrification.
You are immune to rotting.
You are surrounded by a mild repulsion field. (EV +2)
Your mind is acute. (Int +2)
Armour fits poorly on your strangely shaped body.
Your flesh is heat resistant. (rF+)


Message History

Casting: Sandblast
Confirm with . or Enter, or press ? or * to list all spells.
Aiming: Sandblast
Press: ? - help, Shift-Dir - straight line, f/p - Donald
Aim: Donald, wielding an eveningstar, wearing a plate armour and wearing a shield (moderately wounded, fast, unusually strong)
You feel a surge of power!
Donald blocks the blast of sand.
b - 8 stones You block Donald's attack.
Donald hits you with an eveningstar!
* * * LOW HITPOINT WARNING * * *
You climb upwards.
There is a stone staircase leading down here.
As you read the scroll of teleportation, it crumbles to dust.
You feel strangely unstable. Donald hits you but does no damage.
You block Donald's attack.
Donald says, "The other people here are really rude."
Things that are here:
a plate armour; a war axe Donald hits you with an eveningstar!!
You die...

####.##.#.........# ##
#.................# #.
###......#........####.
##................####..
##........#.........#....
##.........#...####.###... ##
####......#.......## ##......
#(##.##.....###.......###......#
#.........###.@....###.#.......
#..##.....[[@)..##.....#.##...
#.###....[>[[.#.......#.##...
#.####..(<)[.#.#..#.....#...
#.###......#).........####.
##)#.......##..........# ##
##[..##..###.....#....####
##.########.....#....#.## ###
#.#....##......##


You could see Donald.

Vanquished Creatures
  Snorg (Lair:4)
  3 hydras
  3 catoblepae
  Erica (Lair:1)
  A death knight (D:12)
  A two-headed ogre (D:11)
  5 death yaks
  An orc high priest (Orc:1)
  A deep troll shaman (Lair:6)
  A slime creature (D:12)
  The ghost of wintastic the Grappler, a novice TrMo of Okawaru (D:7)
  An unseen horror (D:10)
  3 skeletal warriors (D:12)
  An orange crystal statue (D:12)
  An orc knight (Orc:1)
  Pikel (D:6)
  A lindwurm (Lair:6)
  2 orc sorcerers
  The ghost of Vales the Conjurer, a novice DrCj (D:6)
  5 oklob plants
  3 ugly things
  A cyclops (D:11)
  5 elephants (Lair:6)
  5 torpor snails
  2 black mambas
  Maurice (D:9)
  An ice statue (D:12)
  A gargoyle (D:10)
  15 spiny frogs
  A rime drake (Lair:3)
  7 komodo dragons
  2 hornets
  3 trolls
  Grinder (D:6)
  A polar bear (Lair:6)
  3 blink frogs (Lair:2)
  7 dream sheep (Lair:5)
  7 hippogriffs
  2 wyverns (Lair:4)
  Eustachio (D:6)
  2 basilisks
  43 yaks
  3 hungry ghosts
  The ghost of Abeing the Slasher, an amateur DsGl (D:3)
  3 soldier ants
  12 water moccasins
  Duvessa (D:6)
  3 porcupines
  2 hell hounds (D:9)
  18 orc warriors
  3 slaves
  2 sky beasts (D:9)
  11 wolves
  2 phantoms
  A necrophage (D:9)
  4 ogres
  13 crocodiles
  8 centaurs
  10 bullfrogs
  A gnoll sergeant (D:11)
  Dowan (D:6)
  2 scorpions
  6 killer bees
  6 crimson imps
  A bullfrog zombie (D:6)
  2 centaur zombies
  13 jellies
  2 quasits
  2 centaur skeletons
  13 orc priests
  3 bullfrog skeletons
  7 hounds
  Crazy Yiuf (D:2)
  3 iguanas
  Terence (D:2)
  13 orc wizards
  11 worker ants
  A killer bee zombie (D:9)
  A hound zombie (D:10)
  2 hound skeletons
  A worker ant zombie (D:10)
  A howler monkey zombie (D:5)
  A howler monkey skeleton (D:10)
  13 adders
  6 gnolls
  A shadow imp (D:6)
  15 oozes
  An adder zombie (D:9)
  An adder skeleton (D:4)
  2 worms
  4 dart slugs
  7 leopard geckos
  58 orcs
  3 ball pythons
  9 bats
  8 giant cockroaches
  6 goblins
  6 hobgoblins
  18 jackals
  6 quokkas
  4 frilled lizards
  A jackal zombie (D:7)
  6 kobolds
  8 rats
  3 fungi
  3 plants
530 creatures vanquished.

Vanquished Creatures (collateral kills)
  2 spiny frogs (Lair:5)
  A rime drake (Lair:5)
3 creatures vanquished.

Vanquished Creatures (others)
  An orc warrior (Orc:2)
  A centaur (Orc:2)
  4 orcs (Orc:2)
  14 fungi
  12 plants
32 creatures vanquished.

Grand Total: 565 creatures vanquished

Notes
Turn   | Place    | Note
-------+----------+-------------------------------------------
     0 | D:1      | kae the Gargoyle Earth Elementalist began the quest for the Orb.
     0 | D:1      | Reached XP level 1. HP: 10/10 MP: 3/3
   232 | D:1      | Reached skill level 4 in Earth Magic
   232 | D:1      | Reached XP level 2. HP: 13/15 MP: 0/5
  1182 | D:1      | Reached XP level 3. HP: 19/19 MP: 6/6
  1187 | D:1      | Learned a level 3 spell: Stone Arrow
  1628 | D:2      | Reached skill level 1 in Conjurations
  1752 | D:2      | Found a bloodstained altar of Trog.
  1833 | D:2      | Reached XP level 4. HP: 24/24 MP: 8/8
  2629 | D:2      | Noticed Terence
  2641 | D:2      | Killed Terence
  2701 | D:2      | Found a runed door.
  2732 | D:2      | Noticed Crazy Yiuf
  2736 | D:2      | Killed Crazy Yiuf
  2736 | D:2      | Reached skill level 5 in Earth Magic
  2736 | D:2      | Reached XP level 5. HP: 28/28 MP: 2/9
  3474 | D:3      | Noticed Abeing's ghost (amateur DsGl)
  3504 | D:3      | Killed Abeing's ghost
  3504 | D:3      | Reached XP level 6. HP: 32/32 MP: 5/11
  4120 | D:4      | Found Qiecwour's Armour Shop.
  4132 | D:4      | Reached skill level 6 in Earth Magic
  4544 | D:4      | Reached XP level 7. HP: 29/36 MP: 13/13
  5430 | D:5      | Entered Level 5 of the Dungeon
  5447 | D:5      | Learned a level 5 spell: Lee's Rapid Deconstruction
  6328 | D:5      | Reached skill level 7 in Earth Magic
  6433 | D:5      | Reached skill level 1 in Fighting
  6433 | D:5      | Reached skill level 1 in Armour
  6433 | D:5      | Reached skill level 5 in Spellcasting
  6433 | D:5      | Reached XP level 8. HP: 29/43 MP: 5/15
  6438 | D:5      | Reached skill level 5 in Conjurations
  6663 | D:6      | Found Kesyvercho's Assorted Antiques.
  6817 | D:6      | Bought a scroll labeled WAZ POFFOW for 33 gold pieces
  6817 | D:6      | Bought a green potion for 29 gold pieces
  6817 | D:6      | Bought a scroll of identify for 66 gold pieces
  6817 | D:6      | Bought a scroll of identify for 66 gold pieces
  6826 | D:6      | Noticed Grinder
  6831 | D:6      | Killed Grinder
  6901 | D:6      | Noticed Eustachio
  6907 | D:6      | Killed Eustachio
  7085 | D:6      | Reached skill level 8 in Earth Magic
  7206 | D:6      | Reached XP level 9. HP: 32/49 MP: 5/17
  7418 | D:6      | Noticed Dowan
  7425 | D:6      | Noticed Duvessa
  7459 | D:6      | Killed Duvessa
  7462 | D:6      | Killed Dowan
  7664 | D:6      | Noticed Vales's ghost (novice DrCj)
  7675 | D:6      | Killed Vales's ghost
  8520 | D:7      | Reached skill level 9 in Earth Magic
  8554 | D:7      | Noticed Pikel
  8796 | D:6      | Killed Pikel
  8910 | D:7      | Found a staircase to the Ecumenical Temple.
  8917 | D:7      | Noticed wintastic's ghost (novice TrMo)
  8928 | D:7      | Killed wintastic's ghost
  8928 | D:7      | Reached XP level 10. HP: 30/56 MP: 11/20
  9006 | Temple   | Entered the Ecumenical Temple
  9124 | Temple   | Became a worshipper of Vehumet
  9272 | D:7      | Reached * piety under Vehumet
  9272 | D:7      | Offered knowledge of Freeze by Vehumet.
  9434 | D:7      | Noticed an oklob plant
  9815 | D:7      | Killed an oklob plant
 10389 | D:8      | Found a shimmering altar of Xom.
 10438 | D:8      | Reached skill level 10 in Earth Magic
 11056 | D:9      | Found Mixkoimp's Armour Shoppe.
 11071 | D:9      | Bought a +0 buckler of protection for 115 gold pieces
 11246 | D:9      | Found a staircase to the Lair.
 11468 | D:9      | Noticed Maurice
 11528 | D:9      | Killed Maurice
 11636 | D:9      | Reached skill level 1 in Shields
 11735 | D:9      | Reached skill level 5 in Armour
 11735 | D:9      | Reached XP level 11. HP: 61/62 MP: 18/22
 11742 | D:9      | Reached skill level 5 in Fighting
 12192 | Lair:1   | Entered Level 1 of the Lair of Beasts
 12317 | Lair:1   | Noticed Erica
 12490 | Lair:1   | Killed Erica
 12654 | Lair:1   | Offered knowledge of Searing Ray by Vehumet.
 12837 | Lair:1   | Reached ** piety under Vehumet
 13247 | Lair:1   | Reached skill level 11 in Earth Magic
 13965 | Lair:2   | Found a staircase to the Snake Pit.
 14668 | Lair:2   | Reached XP level 12. HP: 69/69 MP: 18/24
 15134 | Lair:3   | Reached skill level 10 in Conjurations
 15207 | Lair:3   | Noticed a four-headed hydra
 15214 | Lair:3   | Killed a four-headed hydra
 15214 | Lair:3   | Reached skill level 5 in Dodging
 15357 | Lair:3   | Found a staircase to the Shoals.
 15385 | Lair:3   | Offered knowledge of Ignite Poison by Vehumet.
 15484 | Lair:3   | Found a snail-covered altar of Cheibriados.
 15570 | Lair:3   | Found an opulent altar of Gozag.
 16072 | Lair:3   | Reached skill level 12 in Earth Magic
 16793 | Lair:4   | Noticed a catoblepas
 16870 | Lair:4   | Killed a catoblepas
 16939 | Lair:4   | Reached *** piety under Vehumet
 17066 | Lair:4   | Noticed Snorg
 17078 | Lair:4   | Killed Snorg
 18253 | Lair:5   | Noticed a catoblepas
 18265 | Lair:5   | Killed a catoblepas
 18265 | Lair:5   | Reached XP level 13. HP: 65/76 MP: 8/26
 18720 | Lair:5   | Reached skill level 10 in Spellcasting
 18728 | Lair:5   | Offered knowledge of Olgreb's Toxic Radiance by Vehumet.
 19219 | Lair:4   | Reached skill level 13 in Earth Magic
 20801 | Lair:5   | Gained mutation: You are surrounded by a mild repulsion field. (EV +2) [potion of mutation]
 20801 | Lair:5   | Gained mutation: Armour fits poorly on your strangely shaped body. [potion of mutation]
 20801 | Lair:5   | Gained mutation: Your mind is acute. (Int +2) [potion of mutation]
 20801 | Lair:5   | Gained mutation: Your flesh is heat resistant. (rF+) [potion of mutation]
 21009 | Lair:5   | Got a sparkling golden ring
 21018 | Lair:5   | Identified the Disquisition on Enchanting Lightness
 21052 | Lair:5   | Got a fine spear
 21101 | Lair:5   | Identified the cursed +2 spear of Exquisite Death {pierce, rF+} (You found it on level 5 of the Lair of Beasts)
 21104 | Lair:5   | Identified the ring "Bithrueq" {rPois rN+ MP+9 Slay-5} (You found it on level 5 of the Lair of Beasts)
 21129 | Lair:6   | Entered Level 6 of the Lair of Beasts
 21437 | Lair:6   | Noticed EnegeticOcto's ghost (journeyman TrMo)
 22570 | Lair:6   | Reached **** piety under Vehumet
 22574 | Lair:6   | Reached skill level 1 in Maces & Flails
 22582 | Lair:6   | Offered knowledge of Iskenderun's Mystic Blast by Vehumet.
 23545 | Lair:6   | Found a staircase to the Slime Pits.
 24614 | Lair:6   | Gained mutation: Your large and strong wings let you fly indefinitely. [Gargoyle growth]
 24614 | Lair:6   | Reached XP level 14. HP: 41/84 MP: 7/28
 25566 | D:10     | Entered Level 10 of the Dungeon
 27225 | D:11     | Reached skill level 14 in Earth Magic
 27417 | D:11     | Reached ***** piety under Vehumet
 27457 | D:11     | Offered knowledge of Conjure Ball Lightning by Vehumet.
 27536 | D:11     | Learned a level 3 spell: Conjure Flame
 28800 | D:12     | Found a staircase to the Orcish Mines.
 30082 | D:12     | Got a coiled wooden ring
 30084 | D:12     | Identified the ring "Fevvaec" {rPois rN+ Dex-2 SInv Stlth+} (You found it on level 12 of the Dungeon)
 30142 | Orc:1    | Entered Level 1 of the Orcish Mines
 30852 | Orc:2    | Entered Level 2 of the Orcish Mines
 30884 | Orc:2    | Paralysed by an orc sorcerer for 5 turns
 31982 | Orc:2    | Paralysed by an orc sorcerer for 3 turns
 32015 | Orc:2    | Noticed Donald
 32148 | Orc:1    | Demolished by Donald

Vault maps used:
D:1:      onia_arrival_mini_maze_b
D:2:      trog_three_pillars_becter, uniq_crazy_yiuf_cottage, uniq_terence
D:3:      first_bread
D:4:      serial_shops, shop_fountains, wad_floor_pattern_untrapped
D:5:      serial_glass, glass_columns_a, glass_columns_a
D:6:      serial_shops, nicolae_shop_crystal, minmay_strange_pillars,
          minivault_23, uniq_eustachio, uniq_duvessa, uniq_grinder
D:7:      lemuel_slime, minmay_temple_entry_overgrown, uniq_pikel
D:8:      kennysheep_mini_moat
D:9:      minmay_lair_entry_lava, serial_shops, shop, hangedman_pestilent_swarm,
          uniq_maurice
D:11:     grunt_ministairs_3, hangedman_decor_riveting
D:12:     hiddenorc2_lemuel, david_greed
Temple:   compressed_dpeg_triangle_lava_temple
Lair:1:   nicolae_quartered_pool_little, uniq_erica
Lair:2:   dummy_snake_entry, fungi_pond_lemuel, grunt_megastairs_2
Lair:3:   elwin_shoals_entry_rocks, basic_altar, kennysheep_snail_temple
Lair:4:   minivault_24, uniq_snorg
Lair:5:   beast_lair_carwin_4, grunt_megastairs_3, lemuel_fruit_tree,
          minmay_lair_oklob_chamber
Lair:6:   grunt_lair_end_beastmaster, nicolae_slime_entry_slimehenge,
          infiniplex_staircase_pool
Orc:2:    st_orc_rangers, nicolae_volcano_entry_hallway, uniq_donald,
          uniq_erolcha, uniq_nessos

Skill      XL: |  1  2  3  4  5  6  7  8  9 10 11 12 13 14 |
---------------+-------------------------------------------+-----
Earth Magic    | 4 5 6 7 8 9 10 11 12 13 14 | 14.4
Conjurations   | 1 2 3 4 6 7 8 9 11 12 | 12.8
Spellcasting   | 3 4 5 7 8 9 10 11 | 11.3
Fighting       | 1 2 4 5 7 8 |  8.8
Armour         | 1 2 4 5 6 7 8 |  8.8
Dodging        | 2 3 4 5 6 |  6.8
Shields        | 1 3 4 |  4.0
Maces & Flails | 1 3 |  3.5
Stealth        | |  2.1
Transmutations | |  0.7

Action                   |  1- 3 |  4- 6 |  7- 9 | 10-12 | 13-15 || total
-------------------------+-------+-------+-------+-------+-------++-------
Melee: Unarmed           |    74 |       |       |       |       ||    74
       Club              |    18 |       |       |       |       ||    18
       Whip              |    57 |   199 |   432 |   492 |   117 ||  1297
       Spear             |       |       |       |       |   710 ||   710
 Cast: Sandblast         |    11 |    21 |    74 |   152 |   156 ||   414
       Stone Arrow       |     2 |    11 |    34 |   199 |   413 ||   659
       Lee's Rapid Decon |       |       |       |     1 |    19 ||    20
Evoke: Wand              |       |       |       |       |     6 ||     6
  Use: Scroll            |     2 |    10 |     7 |     4 |     8 ||    31
       Potion            |       |       |       |     2 |     4 ||     6
 Stab: Sleeping          |     2 |     4 |     3 |     3 |     4 ||    16
       Distracted        |       |       |       |       |     1 ||     1
  Eat: Chunk             |     3 |     9 |    16 |    27 |    39 ||    94
       Fruit             |       |       |       |     4 |     4 ||     8
       Bread ration      |       |       |       |       |     1 ||     1
Armor: Robe              |    76 |    83 |   263 |   296 |   420 ||  1138
Dodge: Dodged            |   146 |   147 |   356 |   371 |   648 ||  1668
Block: Buckler           |       |       |       |   207 |   585 ||   792
       Reflection        |       |       |       |       |    27 ||    27

Table legend:
 A = Spawn XP
 B = Non-spawn XP
 C = Spawn XP percentage of total XP
 D = Spawn monster count
 E = Non-spawn monster count
 F = Spawn count percentage of total count
 G = Total turns spent on level
                    A         B        C        D         E        F      G
               +---------+---------+-------+---------+---------+-------+---------
         Total |       0 |   79015 |   0.0 |       0 |     529 |   0.0 | 32148
               +---------+---------+-------+---------+---------+-------+---------
           D:1 |       0 |      52 |   0.0 |       0 |      21 |   0.0 |  1487
           D:2 |       0 |     134 |   0.0 |       0 |      28 |   0.0 |  1525
           D:3 |       0 |     245 |   0.0 |       0 |      15 |   0.0 |   856
           D:4 |       0 |     333 |   0.0 |       0 |      18 |   0.0 |  1562
           D:5 |       0 |     640 |   0.0 |       0 |      19 |   0.0 |  1215
           D:6 |       0 |    2642 |   0.0 |       0 |      28 |   0.0 |  1821
           D:7 |       0 |    2322 |   0.0 |       0 |      39 |   0.0 |  1341
           D:8 |       0 |     894 |   0.0 |       0 |      12 |   0.0 |   877
           D:9 |       0 |    2522 |   0.0 |       0 |      27 |   0.0 |  1407
          D:10 |       0 |    1837 |   0.0 |       0 |      27 |   0.0 |  1500
          D:11 |       0 |    3775 |   0.0 |       0 |      26 |   0.0 |   912
          D:12 |       0 |    8329 |   0.0 |       0 |      49 |   0.0 |  2164
        Lair:1 |       0 |    4610 |   0.0 |       0 |      19 |   0.0 |  1529
        Lair:2 |       0 |    4630 |   0.0 |       0 |      21 |   0.0 |  1420
        Lair:3 |       0 |    5773 |   0.0 |       0 |      18 |   0.0 |  1512
        Lair:4 |       0 |    6277 |   0.0 |       0 |      21 |   0.0 |  1915
        Lair:5 |       0 |   14095 |   0.0 |       0 |      40 |   0.0 |  4006
        Lair:6 |       0 |   13529 |   0.0 |       0 |      43 |   0.0 |  2958
         Orc:1 |       0 |    4478 |   0.0 |       0 |      39 |   0.0 |  1894
         Orc:2 |       0 |    1898 |   0.0 |       0 |      19 |   0.0 |   112
               +---------+---------+-------+---------+---------+-------+---------
